Map: Dusk Towers

Players

GummyBear

  • Race: Zerg Zerg
  • League: Platinum

LilDicky - Winner!

  • Race: Terran Terran
  • League: Diamond

VOD

http://www.twitch.tv/tumescentpie

Description

Time

  • Played on: Nov. 30, 2015, 5:20 p.m.
  • Length: 11:43
Show
View Real Time Build Order
Export as new Build Order

GummyBear Zerg 

Build Orders: Hatch First, Muta Ling Bane 

Get SALT Encoding   

  12  0:01  Drone  
  13  0:09  Drone  
  14  0:20  Extractor  
  14  0:21  Drone  
  14  0:23  Overlord  
  15  0:42  Drone x2  
  17  0:44  Drone  
  18  0:59  Hatchery  
  17  1:08  Extractor  
  16  1:19  Spawning Pool  
  16  1:20  Drone  
  16  1:22  Drone  
  17  1:26  Drone  
  18  1:35  Overlord  
  18  1:47  Overlord  
  18  1:54  Drone  
  19  2:06  Queen  
  21  2:11  Queen  
  23  2:17  Drone  
  23  2:20  Metabolic Boost  
  24  2:24  Zergling x2  
  24  2:28  Zergling x2  
  26  2:32  Drone  
  26  2:36  Drone  
  28  2:39  Drone  
  29  2:47  Evolution Chamber  
  29  2:48  Drone  
  29  2:53  Zergling x4  
  29  2:57  Drone  
  32  2:58  Drone  
  33  3:19  Spine Crawler  
  32  3:26  Drone x4  
  36  3:28  Drone x3  
  36  3:29  Zergling x2  
  36  3:30  Zergling x4  
  42  3:37  Drone  
  42  3:38  Drone  
  44  3:49  Overlord x2  
  44  3:53  Spine Crawler  
  39  4:03  Overlord x3  
  38  4:21  Extractor  
  37  4:29  Drone x4, Extractor  
  37  4:30  Drone x3, Extractor  
  42  4:49  Zergling x2  
  42  4:50  Zergling x10  
  48  4:53  Pneumatized Carapace  
  48  4:55  Hatchery  
  47  5:15  Drone x2  
  47  5:17  Drone x3  
  47  5:18  Zergling x4  
  54  5:24  Overlord  
  54  5:27  Drone  
  55  5:30  Spore Crawler, Baneling Nest  
  55  5:34  Spore Crawler  
  52  5:40  Overlord x2  
  52  5:41  Lair  
  52  5:46  Overlord  
  52  5:51  Queen  
  52  5:52  Overlord x2  
  54  5:57  Spore Crawler  
  52  6:04  Drone  
  52  6:05  Drone x2  
  52  6:07  Drone x6  
  52  6:08  Drone  
  62  6:18  Drone x4  
  66  6:25  Drone  
  67  6:26  Drone  
  65  6:43  Queen  
  67  6:50  Spore Crawler  
  66  6:55  Spore Crawler  
  66  6:56  Drone x2  
  66  6:57  Drone  
  68  7:17  Drone x3  
  68  7:18  Drone x4  
  75  7:24  Spire  
  75  7:29  Spore Crawler  
  72  7:33  Drone x2  
  72  7:34  Drone  
  74  7:49  Drone x3  
  71  8:07  Spire  
  71  8:10  Overlord x2  
  71  8:11  Drone x2  
  71  8:12  Drone  
  73  8:14  Queen, Extractor x2  
  73  8:25  Overlord x2, Roach Warren  
  72  8:27  Centrifical Hooks  
  72  8:31  Overlord  
  72  8:32  Evolution Chamber  
  72  8:33  Evolution Chamber  
  70  8:36  Infestation Pit  
  70  8:39  Mutalisk x2, Zerg Flyer Weapons Level 1, Spore Crawler  
  70  8:40  Mutalisk x8  
  70  8:41  Mutalisk x4  
  88  8:44  Overseer  
  96  9:00  Drone x4  
  100  9:03  Overlord  
  98  9:25  Hive, Zerg Melee Weapons Level 1  
  98  9:26  Zerg Ground Armor Level 1  
  98  9:31  Nydus Network  
  98  9:38  Overlord x4  
  97  9:39  Mutalisk x3  
  96  10:01  Hydralisk Den  
  95  10:08  Drone x3  
  98  10:18  Hatchery  
  97  10:33  Hydralisk x4  
  97  10:34  Hydralisk x7  
  119  10:52  Drone x2  
  119  10:53  Drone x5  
  126  11:01  Zergling x12  
  126  11:02  Zergling x2  
  131  11:05  Hydralisk x2  
  131  11:06  Hydralisk x2  
  106  11:27  Baneling x3  
  106  11:28  Baneling x7  
  106  11:29  Baneling x3  
Show
View Real Time Build Order
Export as new Build Order

LilDicky Terran - Winner!

Build Orders:  

Get SALT Encoding   

  12  0:01  SCV  
  13  0:13  SCV  
  14  0:18  Supply Depot  
  14  0:25  SCV  
  15  0:29  Refinery  
  15  0:40  SCV  
  16  0:49  Barracks  
  16  0:52  SCV  
  17  1:04  SCV  
  17  1:16  SCV  
  18  1:28  SCV  
  18  1:40  SCV  
  18  1:46  Marine  
  20  1:55  Orbital Command  
  20  1:58  Command Center  
  20  2:04  Supply Depot  
  20  2:07  Marine  
  21  2:23  SCV  
  22  2:30  Factory  
  22  2:35  SCV, Barracks Tech Lab  
  23  2:45  Refinery  
  23  2:47  SCV  
  24  2:59  SCV  
  25  3:07  Marine  
  25  3:11  SCV  
  27  3:17  Command Center  
  28  3:23  Siege Tank  
  31  3:27  Orbital Command  
  30  3:44  Starport  
  30  3:57  Barracks Reactor  
  30  3:59  Siege Tank  
  33  4:07  SCV  
  33  4:08  Liberator  
  35  4:17  SCV  
  35  4:19  SCV  
  36  4:27  Command Center  
  36  4:29  SCV  
  40  4:31  SCV  
  40  4:34  Orbital Command  
  41  4:43  Siege Tank, Marine  
  41  4:44  Marine  
  46  4:48  SCV  
  47  5:02  Orbital Command  
  47  5:03  Marine x2  
  49  5:11  SCV  
  50  5:14  SCV  
  50  5:16  Barracks x2  
  50  5:19  Liberator  
  51  5:25  SCV  
  51  5:26  SCV  
  53  5:34  Barracks Reactor  
  56  5:47  SCV x2, Refinery  
  56  5:48  Refinery  
  56  5:49  SCV  
  60  5:50  Orbital Command  
  60  5:54  Engineering Bay  
  60  5:55  Engineering Bay  
  60  5:56  Refinery  
  59  5:59  SCV x2  
  61  6:10  Liberator  
  61  6:11  Barracks Tech Lab  
  61  6:16  SCV x2, Barracks Tech Lab  
  63  6:21  SCV, Refinery  
  63  6:24  Siege Tank  
  70  6:34  SCV  
  70  6:35  SCV x2  
  70  6:38  SCV  
  70  6:39  Marine x2  
  76  7:03  Terran Infantry Weapons Level 1, Supply Depot, Terran Infantry Armor Level 1  
  76  7:04  Supply Depot  
  76  7:05  Stimpack  
  76  7:12  Barracks  
  76  7:13  Barracks x2  
  76  7:24  Marine x4, Liberator  
  76  7:25  SCV, Siege Tank  
  76  7:29  SCV  
  86  7:30  SCV x2  
  87  7:42  Marine x2  
  92  7:48  Command Center  
  92  8:02  Marine  
  92  8:03  Marine  
  92  8:08  Liberator  
  92  8:14  Missile Turret  
  92  8:17  Missile Turret  
  92  8:19  Barracks Tech Lab x2  
  92  8:20  Barracks Reactor  
  92  8:24  SCV x2, Marauder, Marine x3  
  92  8:26  Supply Depot x2  
  102  8:27  Supply Depot  
  102  8:31  Liberator  
  102  8:32  SCV x2  
  104  8:36  SCV x2  
  104  8:40  Missile Turret x2  
  106  8:42  Marine x2  
  106  8:47  Marine x2  
  106  8:48  SCV, Marauder  
  113  8:54  Armory, Supply Depot  
  113  8:55  Concussive Shells, Marauder  
  118  8:56  Combat Shields  
  118  8:57  Factory, Marine x2  
  118  8:59  Starport  
  120  9:05  Siege Tank, Marine x2  
  120  9:06  Marauder x2  
  120  9:09  Marauder  
  131  9:16  Marine x2  
  134  9:17  Marauder  
  134  9:19  Missile Turret  
  134  9:21  Missile Turret  
  134  9:22  Missile Turret  
  134  9:23  Missile Turret  
  134  9:24  Missile Turret  
  134  9:25  Missile Turret  
  134  9:27  Missile Turret  
  134  9:31  Missile Turret  
  134  9:32  Missile Turret  
  134  9:33  Marine x2  
  135  9:52  Missile Turret  
  131  9:58  Missile Turret  
  131  10:00  Planetary Fortress  
  131  10:02  Marine x8  
  131  10:03  Missile Turret  
  131  10:05  SCV x3  
  131  10:06  SCV  
  143  10:09  Starport Tech Lab  
  143  10:11  Factory Tech Lab  
  143  10:15  Thor  
  143  10:17  SCV  
  143  10:19  Marine  
  143  10:20  Marine x4  
  155  10:27  Marine  
  155  10:28  Marauder x2  
  154  10:37  Marine  
  155  10:45  Missile Turret x2  
  155  10:49  Missile Turret  
  155  10:51  Marine  
  155  10:52  Missile Turret  
  155  10:54  Marauder  
  138  11:17  Marine x4  
Tags
 
Add a new tag
Caveats
  • Supply blocks, unpowered buildings, or Contaminate may cause inaccurate times.
  • Supply counts are checked every 10 seconds.